 Dungeon Crawl Stone Soup version 0.30-a0-7-g94fe547ab8 (webtiles) character file.

Game seed: 940400903860332161

16 Nedwor the Cutter (level 2, 22/22 HPs)
             Began as a Demonspawn Gladiator on Aug 23, 2022.
             Quit the game on level 1 of the Dungeon.
             The game lasted 00:00:19 (441 turns).

Nedwor the Cutter (Demonspawn Gladiator)             Turns: 441, Time: 00:00:20

Health: 22/22      AC:  4    Str: 14    XL:     2   Next: 41%
Magic:  2/2        EV: 12    Int:  9    God:
Gold:   0          SH:  0    Dex: 14    Spells: 1/1 levels left

rFire   . . .      SeeInvis .    a - +0 rapier
rCold   . . .      Faith    .    (no shield)
rNeg    . . .      Spirit   .    b - +0 leather armour
rPois   .          Reflect  .    c - +0 helmet
rElec   .          Harm     .    (no cloak)
rCorr   .          Rampage  .    (no gloves)
Will    .....                    (no boots)
Stlth   +.........               (no amulet)
HPRegen 0.07/turn                (no ring)
MPRegen 0.08/turn                (no ring)

@: no status effects
A: weakness stinger 1
a: no special abilities


You were on level 1 of the Dungeon.
You visited 1 branch of the dungeon, and saw 1 of its levels.

Inventory:

Hand Weapons
 a - a +0 rapier (weapon)
Missiles
 d - 3 throwing nets (quivered)
 e - a javelin
Armour
 b - a +0 leather armour (worn)
 c - a +0 helmet (worn)
Scrolls
 f - a scroll of teleportation {unknown}


   Skills:
 + Level 2.2 Fighting
 * Level 3.0 Short Blades
 - Level 1.7 Throwing
 + Level 0.5 Armour
 + Level 2.8 Dodging


You had one spell level left.
You didn't know any spells.
Your spell library was empty.

Dungeon Overview and Level Annotations

Branches:
Dungeon (1/15)

Altars:


Innate Abilities, Weirdness & Mutations

You have a small tail.


Message History

The jackal closely misses you.
You hit the jackal.
The jackal is almost dead.
The jackal closely misses you. The jackal bites you.
You hit the jackal.
You kill the jackal!
The jackal bites you but does no damage.
You hit the jackal but do no damage.
Your tail-slap misses the jackal.
The jackal bites you but does no damage.
You barely miss the jackal. The jackal barely misses you. x2
You hit the jackal but do no damage.
The jackal bites you but does no damage.
You barely miss the jackal.
The jackal bites you but does no damage.
The jackal barely misses you.
You barely miss the jackal.
The jackal bites you but does no damage.
You hit the jackal but do no damage. The jackal bites you. x2
You puncture the jackal!
You kill the jackal!
You hit the hobgoblin. You punch the hobgoblin.
The hobgoblin is severely wounded.
The hobgoblin barely misses you.
You hit the hobgoblin.
You kill the hobgoblin!
No target in view!
No target in view!
No target in view!
No target in view!
No target in view!
No target in view!
No target in view!
No target in view!
No target in view!
No target in view!
No target in view!
No target in view!
A bat comes into view.
A bat is nearby!
Are you sure you want to abandon this character and quit the game? (Confirm with "yes".)

b#. ..#### ## .....
.# ..#.##.# #.#..#.#
#..#.#.# #.#...#
#.@#..# ##....#
###.>#
###################.#
...........(......†.#
###################.#
#.# #†# #.#


You could see a bat (asleep).

Vanquished Creatures
  A dart slug (D:1)
  A hobgoblin (D:1)
  8 jackals (D:1)
  A frilled lizard (D:1)
  A rat (D:1)
12 creatures vanquished.

Notes
Turn   | Place    | Note
-------+----------+-------------------------------------------
     0 | D:1      | Nedwor the Demonspawn Gladiator began the quest for the
                  | Orb.
     0 | D:1      | Reached XP level 1. HP: 16/16 MP: 1/1
    69 | D:1      | Gained mutation: You have a small tail. [demonic ancestry]
    69 | D:1      | Reached XP level 2. HP: 10/22 MP: 2/2
   294 | D:1      | Reached skill level 3 in Short Blades
   441 | D:1      | Quit the game

Illustrated notes

Levels and vault maps discovered:
D:1:      shiori_arrival_elements, layout_basic,
          hellmonk_ecumenical_altar_inner_sanctum

Skill      XL: |  1  2 |
---------------+-------+-----
Short Blades   | 3 |  3.0
Fighting       | |  2.2
Throwing       | |  1.7
Armour         | |  0.5
Dodging        | |  2.8

Action                   || total
-------------------------++-------
Melee: Rapier            ||    61
       Tailslap          ||     2
       Punch             ||     1
Armor: Leather armour    ||    21
Dodge: Dodged            ||    40

Table legend: (Time is in decaauts)
 A = Elapsed time spent in this place.
 B = Non-inter-level travel time spent in this place.
 C = Inter-level travel time spent in this place.
 D = Time resting spent in this place.
 E = Time spent auto-exploring this place.
 F = Levels seen in this place.
 G = Mean time per level.
                   A        B        C        D        E       F      G
               +--------+--------+--------+--------+--------+-----+--------+
         Total |    444 |    444 |      0 |    166 |    193 |   1 |  444.0 |
       Dungeon |    444 |    444 |      0 |    166 |    193 |   1 |  444.0 |
               +--------+--------+--------+--------+--------+-----+--------+

Top non-repeatable levels by time:
     D:1: 444 daAuts
